 Dungeon Sprint DCSS version 0.19.0-9-gfd783f2 (webtiles) character file.

1911 LORDOFBUTT the Imperceptible (level 8, -3/34 (37) HPs)
             Began as a Spriggan Assassin on Nov 7, 2016.
             Was an Initiate of Dithmenos.
             Slain by an unseen horror (8 damage)
             ... in the Dungeon (Sprint II: "The Violet Keep of Menkaure").
             The game lasted 00:01:59 (700 turns).

LORDOFBUTT the Imperceptible (Spriggan Assassin)     Turns: 700, Time: 00:02:00

HP:   -3/34 (37)    AC:  3    Str:  7    XL:     8   Next: 95%
MP:   9/9           EV: 17    Int: 12    God:    Dithmenos [......]
Gold: 891           SH:  0    Dex: 20    Spells: 0 memorised, 7 levels left

rFire  . . .     SeeInvis +     b - +0 blowgun
rCold  . . .     Gourm    .     c - +0 robe
rNeg   . . .     Faith    .     (shield restricted)
rPois  .         Spirit   .     (helmet restricted)
rElec  .         Reflect  .     d - +0 cloak
rCorr  .         Harm     .     (gloves unavailable)
MR     +....     NoTele   +     (boots unavailable)
Stlth  +++++++++.               (no amulet)
                                (no ring)
                                (no ring)

@: very quick
A: unfitting armour, see invisible, herbivore 3, speed 3, slow metabolism 2
a: Renounce Religion


You were in the Dungeon.
You worshipped Dithmenos.
Dithmenos was noncommittal.
You were not hungry.

You visited 1 branch You collected 891 gold pieces.

Inventory:

Hand Weapons
 a - a +2 dagger
 b - a +0 blowgun (weapon)
Missiles
 e - 8 poisoned needles
 f - a curare-tipped needle (quivered)
Armour
 c - a +0 robe (worn)
 d - a +0 cloak (worn)
Scrolls
 l - a scroll of fear {unknown}
 m - a scroll of blinking
Potions
 h - a potion of curing
 i - a potion of heal wounds
 j - a potion of haste
 k - 2 potions of magic
Comestibles
 g - a bread ration


   Skills:
 - Level 1.5 Fighting
 - Level 2.1 Short Blades
 - Level 2.0 Throwing
 - Level 1.5 Dodging
 + Level 26.4 Stealth


You had 7 spell levels left.
You didn't know any spells.

Dungeon Overview and Level Annotations

Branches:
Dungeon (1/1)

Altars:
Cheibriados
Dithmenos
Elyvilon
Fedhas
Gozag
Hepliaklqana
Kikubaaqudgha
Makhleb
Nemelex Xobeh
Okawaru
Qazlal
Ru
Sif Muna
Trog
Uskayaw
Vehumet
Xom
Yredelemnul
Zin
The Shining One
Beogh
Jiyva
Lugonu

Shops:
D :=}[(!=?}[%


Innate Abilities, Weirdness & Mutations

You are very small and have problems with some larger weapons.
You are too small for most types of armour.
You have supernaturally acute eyesight. (SInv)
You are a herbivore.
You cover ground extremely quickly.
You need consume almost no food.


Message History

b - a +0 blowgun (weapon)
Quiver which item? (- for none, * to show all) (? for menu, Esc to quit)
Quivering
f - 2 curare-tipped needles for blowguns.
Firing (i - inventory. (,) - cycle):
f - 2 curare-tipped needles (quivered)
Press: ? - help, Shift-Dir - straight line, f - unseen horror
Aim: an unseen horror (slightly transparent)
You shoot a curare-tipped needle.
The curare-tipped needle hits the unseen horror.
The unseen horror is poisoned.
The unseen horror convulses.
The unseen horror seems to slow down.
The unseen horror is lightly wounded.
The unseen horror hits you! x2
* * * LOW HITPOINT WARNING * * *
The unseen horror hits you.
* * * LOW HITPOINT WARNING * * *
Unknown command.
Fire/throw which item? (* to show all) (? for menu, Esc to quit)
Okay, then.
The unseen horror hits you!
You die...

####+####
##≈§§§;§§##
##≈§§§§§≈§≈##
+;§≈§§;≈§;;≈##++##
##§≈§§;;§≈≈##≈...###
≈## §≈§§§ #e§.....#
≈≈#+++#+++#####x^..#
≈≈.........#.$x(@..#
≈≈≈.##+##..#?.####.#
≈≈≈##.
.##.####..'.###
≈≈≈#.w
..#....#.†#^..# ≈###
.#w ###..#####..# $#


?$$!? ##.###+###†##..#.†'.^# .#▓!$![$! #...##.##.# #..#†.#..# h#▓!?((!%!
'##.'.<.'## +..####..##h#▓[)$)?[% #.####.##.# #....###.^.##▓▓▓▓▓▓▓+ You could
see 2 unseen horrors.

Vanquished Creatures
  2 polar bears (D)
  5 hippogriffs (D)
  A blink frog (D)
  4 necrophages (D)
  A crocodile (D)
  3 worms (D)
16 creatures vanquished.

Vanquished Creatures (others)
  Menkaure (D)
  A crocodile (D)
2 creatures vanquished.

Grand Total: 18 creatures vanquished

Notes
Turn   | Place    | Note
-------+----------+-------------------------------------------
     0 | D        | LORDOFBUTT the Spriggan Assassin began the quest for the Orb.
     0 | D        | Reached XP level 1. HP: 10/10 MP: 2/2
     1 | D        | Noticed a tyrant leech
     1 | D        | Noticed a tyrant leech
     5 | D        | Noticed a necrophage
     5 | D        | Noticed a necrophage
     5 | D        | Noticed a necrophage
     5 | D        | Noticed a necrophage
    14 | D        | Killed a necrophage
    14 | D        | Reached skill level 13 in Stealth
    14 | D        | Reached XP level 2. HP: 13/13 MP: 3/3
    14 | D        | Reached XP level 3. HP: 17/17 MP: 4/4
    14 | D        | Reached XP level 4. HP: 21/21 MP: 5/5
    18 | D        | Killed a necrophage
    18 | D        | Reached skill level 16 in Stealth
    18 | D        | Reached XP level 5. HP: 24/24 MP: 6/6
    22 | D        | Killed a necrophage
    22 | D        | Reached skill level 18 in Stealth
    31 | D        | Killed a crocodile
    37 | D        | Killed a necrophage
    37 | D        | Reached skill level 19 in Stealth
    37 | D        | Reached XP level 6. HP: 8/27 MP: 7/7
    37 | D        | Killed Menkaure
   266 | D        | HP: 1/27 [worm (3)]
   553 | D        | Found Muagien's Jewellery Shop.
   553 | D        | Found Ricuklua's Antique Armour Boutique.
   553 | D        | Found Xuff's Gadget Shop.
   553 | D        | Found Onlifoyse's Antique Weapon Boutique.
   553 | D        | Found Qubbox's Food Shop.
   553 | D        | Found Ipnoneiph's Distillery.
   553 | D        | Found Aquimibo's Gadget Shop.
   553 | D        | Found Atzingut's Magic Scroll Boutique.
   553 | D        | Found Atwejixo's Antique Armour Boutique.
   566 | D        | Noticed a hippogriff
   566 | D        | Noticed a hippogriff
   569 | D        | Killed a hippogriff
   569 | D        | Reached skill level 21 in Stealth
   569 | D        | Reached XP level 7. HP: 30/30 MP: 8/8
   572 | D        | Killed a hippogriff
   572 | D        | Reached skill level 22 in Stealth
   591 | D        | Found Uheu's Jewellery Shop.
   591 | D        | Found Aceus's Book Boutique.
   591 | D        | Noticed a redback
   595 | D        | Noticed a blink frog
   597 | D        | Killed a blink frog
   597 | D        | Reached skill level 23 in Stealth
   624 | D        | Found a stormy altar of Qazlal.
   625 | D        | Found a shimmering altar of Xom.
   626 | D        | Found a hazy altar of Hepliaklqana.
   626 | D        | Found a sacrificial altar of Ru.
   627 | D        | Found a roughly hewn altar of Beogh.
   627 | D        | Found a viscous altar of Jiyva.
   627 | D        | Found a deep blue altar of Sif Muna.
   628 | D        | Found a snail-covered altar of Cheibriados.
   628 | D        | Found an ancient bone altar of Kikubaaqudgha.
   628 | D        | Found a basalt altar of Yredelemnul.
   628 | D        | Found a bloodstained altar of Trog.
   629 | D        | Found a shadowy altar of Dithmenos.
   629 | D        | Found a corrupted altar of Lugonu.
   629 | D        | Found a glowing silver altar of Zin.
   629 | D        | Found a hide-covered altar of Uskayaw.
   630 | D        | Found a white marble altar of Elyvilon.
   630 | D        | Found a burning altar of Makhleb.
   631 | D        | Found a blossoming altar of Fedhas.
   637 | D        | Noticed a hippogriff
   637 | D        | Noticed a hippogriff
   637 | D        | Noticed a hippogriff
   639 | D        | Killed a hippogriff
   639 | D        | Reached skill level 24 in Stealth
   639 | D        | Reached XP level 8. HP: 34/34 MP: 9/9
   641 | D        | Killed a hippogriff
   642 | D        | Killed a hippogriff
   642 | D        | Reached skill level 25 in Stealth
   651 | D        | Found an opulent altar of Gozag.
   651 | D        | Noticed a polar bear
   653 | D        | Found a sparkling altar of Nemelex Xobeh.
   653 | D        | Noticed a hornet
   654 | D        | Found a glowing golden altar of the Shining One.
   654 | D        | Found a radiant altar of Vehumet.
   654 | D        | Found an iron altar of Okawaru.
   654 | D        | Noticed a yaktaur
   655 | D        | Noticed a polar bear
   656 | D        | Noticed a polar bear
   662 | D        | Became a worshipper of Dithmenos the Shadowed
   676 | D        | Noticed a polar bear
   677 | D        | Noticed a polar bear
   680 | D        | Killed a polar bear
   680 | D        | Reached skill level 26 in Stealth
   683 | D        | Killed a polar bear
   693 | D        | Noticed a deep elf master archer
   697 | D        | Noticed an unseen horror
   697 | D        | Noticed an unseen horror
   700 | D        | Slain by an unseen horror

Skill      XL: |  1  2  3  4  5  6  7  8 |
---------------+-------------------------+-----
Stealth        | 13 16 19 21 24 26 | 26.4
Fighting       | |  1.5
Short Blades   | |  2.1
Throwing       | |  2.0
Dodging        | |  1.5

Action                   |  1- 3 |  4- 6 |  7- 9 || total
-------------------------+-------+-------+-------++-------
Melee: Dagger            |     7 |    42 |     8 ||    57
 Fire: Blowgun           |       |       |     1 ||     1
  Use: Potion            |     1 |       |       ||     1
 Stab: Sleeping          |       |     3 |     8 ||    11
Dodge: Dodged            |     3 |    16 |     1 ||    20
